 Dungeon Crawl Stone Soup version 0.21-a0-394-gdc75ea7 (webtiles) character file.

140 Kavrick the Shield-Bearer (level 5, -9/42 HPs)
             Began as a Formicid Fighter on Oct 18, 2017.
             Was an Initiate of Cheibriados.
             Mangled by an ogre
             ... wielding a +0 giant club
              (19 damage)
             ... on level 2 of the Dungeon.
             The game lasted 00:04:54 (1922 turns).

Kavrick the Shield-Bearer (Formicid Fighter)        Turns: 1922, Time: 00:04:55

Health: -9/42      AC:  8    Str: 28    XL:     5   Next: 46%
Magic:  2/5        EV:  8    Int:  8    God:    Cheibriados [......]
Gold:   135        SH: 10    Dex: 11    Spells: 4/4 levels left

rFire    . . .     SeeInvis +   a - +0 long sword
rCold    . . .     Gourm    .   c - +0 shield
rNeg     . . .     Faith    .   b - +0 scale mail
rPois    .         Spirit   .   (helmet unavailable)
rElec    .         Reflect  .   n - +0 cloak
rCorr    .         Harm     .   (no gloves)
MR       .....                  (no boots)
Stlth    ..........             (no amulet)
HPRegen  0.14/turn              (no ring)
MPRegen  0.09/turn              (no ring)

@: mighty, very slow
A: permanent stasis, dig shafts and tunnels, four strong arms, antennae 3
a: Dig, Shaft Self, Bend Time, Renounce Religion


You were on level 2 of the Dungeon.
You worshipped Cheibriados.
Cheibriados was noncommittal.
You were not hungry.

You visited 1 branch of the dungeon, and saw 3 of its levels.

You collected 135 gold pieces.

Inventory:

Hand Weapons
 a - a +0 long sword (weapon)
Armour
 b - a +0 scale mail (worn)
 c - a +0 shield (worn)
 n - a +0 cloak (worn)
Jewellery
 k - an uncursed amulet of guardian spirit {unknown}
Wands
 s - a wand of random effects (23/48)
Scrolls
 e - a scroll of immolation {unknown}
 h - a scroll of blinking {unknown}
 i - a scroll of random uselessness {unknown}
 j - 3 scrolls of teleportation {unknown}
 l - a scroll of fog {unknown}
 m - 3 scrolls of identify {unknown}
 p - a scroll of magic mapping {unknown}
 q - a scroll of remove curse {unknown}
 r - 2 scrolls of amnesia {unknown}
Potions
 o - a potion of heal wounds {unknown}
Comestibles
 f - 3 bread rations
 g - a royal jelly
 u - a meat ration


   Skills:
 + Level 4.0 Fighting
 * Level 3.5 Long Blades
 + Level 4.1 Armour
 + Level 4.4 Shields


You had 4 spell levels left.
You didn't know any spells.

Dungeon Overview and Level Annotations

Branches:
Dungeon (3/15)

Altars:
Cheibriados
Elyvilon

Annotations:
D:3 Sigmund


Innate Abilities, Weirdness & Mutations

You cannot be hasted, slowed, berserked, paralysed or teleported.
You can dig through walls and to a lower floor.
Your four strong arms can wield two-handed weapons with a shield.
You have a pair of large antennae on your head. (SInv)


Message History

The flow of time bends around you.
The ogre resists with some effort.
You feel slightly more hungry. The ogre hits you with a giant club!!
Ouch! That really hurt!
The ogre hits you with a giant club!
* * * LOW HITPOINT WARNING * * *
All of the chunks of flesh in your inventory have rotted away.
There is a stone staircase leading up, spattered with blood here.
You see here a stone.
You climb upwards.
There is a stone staircase leading down here.
You feel very mighty all of a sudden. The ogre hits you with a giant club.
* * * LOW HITPOINT WARNING * * *
You slash the ogre!
The ogre is heavily wounded.
You block the ogre's attack.
Your shield prevents you from hitting the ogre.
The ogre is heavily wounded.
The ogre hits you with a giant club!!
You die...

.....####.#...####..........##...
..............####.............##
...#...#.......................##
...###......#.####...............
...#####...##.####...............
#####.......#....#.........#..>.#
#.##..........##...#####....#
#.#..........O.#...# #.#..#
#...........@..#...# #.##..
##...........<..#...### #.##..
##..............##.#...###.##..
#.....#...#..........#...#.##..
#.#..#######.##....#...........
##....# #...##..###.##...##..
#...#.# ####.P.#.......####.....
#...#.###..#...##.###..## #...#.
#...#.....###.##........####).#.


You could see an ogre.

Vanquished Creatures
  A hound (D:2)
  2 adders (D:2)
  3 gnolls
  2 oozes
  2 worms
  A dart slug (D:1)
  2 leopard geckos (D:2)
  8 giant cockroaches
  6 goblins
  4 hobgoblins
  A quokka (D:3)
  A ball python (D:2)
  5 bats
  3 frilled lizards
  4 kobolds
  3 rats (D:1)
48 creatures vanquished.

Notes
Turn   | Place    | Note
-------+----------+-------------------------------------------
     0 | D:1      | Kavrick the Formicid Fighter began the quest for the Orb.
     0 | D:1      | Reached XP level 1. HP: 18/18 MP: 1/1
   103 | D:1      | Reached XP level 2. HP: 15/24 MP: 2/2
   526 | D:1      | Reached XP level 3. HP: 29/29 MP: 3/3
  1113 | D:2      | Reached XP level 4. HP: 35/37 MP: 4/4
  1275 | D:2      | Found a white marble altar of Elyvilon.
  1453 | D:2      | Found a snail-covered altar of Cheibriados.
  1654 | D:2      | Became a worshipper of Cheibriados the Contemplative
  1719 | D:2      | Reached XP level 5. HP: 42/42 MP: 5/5
  1853 | D:3      | Noticed Sigmund
  1912 | D:3      | Noticed an ogre
  1922 | D:2      | Mangled by an ogre

Vault maps used:
D:1:      dpeg_arrival_leaves_temple_mockup
D:2:      cheibriados_altar_1, serial_park_tiny_1, elyvilon_altar_1
D:3:      chequers_temple_overflow_minitemple, serial_glass, glass_columns_a,
          glass_columns_b, kennysheep_generic_room_13, uniq_sigmund, uniq_ijyb

Skill      XL: |  1  2  3  4  5 |
---------------+----------------+-----
Shields        | 4 |  4.4
Long Blades    | 3 |  3.5
Armour         | 4 |  4.1
Fighting       | 4 |  4.0

Action                   |  1- 3 |  4- 6 || total
-------------------------+-------+-------++-------
Melee: Long sword        |   113 |    84 ||   197
Invok: Bend Time         |       |     1 ||     1
  Use: Potion            |       |     1 ||     1
  Eat: Chunk             |     1 |     3 ||     4
Armor: Scale mail        |    50 |    42 ||    92
Dodge: Dodged            |    59 |    38 ||    97
Block: Shield            |    63 |    70 ||   133
       Rpst.: Long sword |    22 |    15 ||    37

Table legend:
 A = Spawn XP
 B = Non-spawn XP
 C = Spawn XP percentage of total XP
 D = Spawn monster count
 E = Non-spawn monster count
 F = Spawn count percentage of total count
 G = Total turns spent on level
                    A         B        C        D         E        F      G
               +---------+---------+-------+---------+---------+-------+---------
         Total |       0 |     200 |   0.0 |       0 |      48 |   0.0 |  1922
               +---------+---------+-------+---------+---------+-------+---------
           D:1 |       0 |      32 |   0.0 |       0 |      17 |   0.0 |   775
           D:2 |       0 |     137 |   0.0 |       0 |      23 |   0.0 |  1085
           D:3 |       0 |      31 |   0.0 |       0 |       8 |   0.0 |    62
               +---------+---------+-------+---------+---------+-------+---------
